 Dungeon Crawl Stone Soup version 0.23.2-1-ga50397a6bc (webtiles) character file.

Game seed: 7948288207572488138

489 Ikoden the Shield-Bearer (level 7, -3/61 HPs)
             Began as a Hill Orc Fighter on May 14, 2019.
             Was a Follower of Beogh.
             Slain by an ogre
             ... wielding a +0 giant club
              (15 damage)
             ... on level 4 of the Dungeon.
             The game lasted 00:07:04 (4418 turns).

Ikoden the Shield-Bearer (Hill Orc Fighter)         Turns: 4418, Time: 00:07:05

Health: -3/61      AC: 13    Str: 18 (21) XL:     7   Next: 14%
Magic:  7/7        EV:  3    Int:  6 (8)  God:    Beogh [*.....]
Gold:   228        SH:  9    Dex:  7 (10) Spells: 6/6 levels left

rFire    . . .     SeeInvis .   j - +0 long sword (flame)
rCold    . . .     Gourm    .   c - +0 shield
rNeg     . . .     Faith    .   o - +0 plate armour
rPois    .         Spirit   .   (no helmet)
rElec    .         Reflect  .   p - +0 cloak
rCorr    .         Harm     .   (no gloves)
MR       .....                  (no boots)
Stlth    ..........             (no amulet)
HPRegen  0.20/turn              (no ring)
MPRegen  0.10/turn              (no ring)

@: no status effects
A: no striking features
a: Renounce Religion


You were on level 4 of the Dungeon.
You worshipped Beogh.
Beogh was aware of your devotion.
You were not hungry.

You visited 1 branch of the dungeon, and saw 4 of its levels.

You collected 228 gold pieces.

Inventory:

Hand Weapons
 a - a +0 long sword
 j - a +0 long sword of flaming (weapon)
Armour
 b - a +0 scale mail
 c - a +0 shield (worn)
 o - a +0 plate armour (worn)
 p - a +0 cloak (worn)
Jewellery
 u - an uncursed amulet of rage {unknown}
Wands
 q - a wand of scattershot (6)
 v - a wand of iceblast (7)
Scrolls
 e - a scroll of enchant armour {unknown}
 g - a scroll of identify {unknown}
 m - a scroll of teleportation {unknown}
 r - 2 scrolls of remove curse {unknown}
 s - a scroll of enchant weapon {unknown}
 t - a scroll of immolation {unknown}
 w - a scroll of noise {unknown}
Potions
 i - a potion of resistance {unknown}
 k - a potion of agility {unknown}
 l - a potion of experience {unknown}
 n - a potion of heal wounds {unknown}
 x - a potion of mutation {unknown}
 A - a potion of flight {unknown}
Comestibles
 f - 5 rations


   Skills:
 + Level 5.0 Fighting
 + Level 5.0 Long Blades
 + Level 5.0 Armour
 + Level 1.0 Dodging
 + Level 5.0 Shields


You had 6 spell levels left.
You didn't know any spells.
Your spell library was empty.

Dungeon Overview and Level Annotations

Branches:
Dungeon (4/15)
 Temple: D:4-7

Altars:
Wu Jian
Yredelemnul


Message History

An ogre comes into view. It is wielding a +0 giant club.
The ogre shouts!
An ogre is nearby!
An ogre is nearby!
The ogre hits you with a +0 giant club!
An ogre is nearby!
You closely miss the ogre. The ogre hits you with a +0 giant club!
You slash the ogre! You burn the ogre.
The ogre is moderately wounded.
The ogre completely misses you.
You hit the ogre. You burn the ogre.
The ogre is heavily wounded.
The ogre hits you with a +0 giant club!!
* * * LOW HITPOINT WARNING * * *
There is a stone staircase leading up here.
It was a potion of degeneration.
There was something very wrong with that liquid.
You feel weakened.
You feel dopey.
You feel clumsy. The ogre hits you with a +0 giant club!
You die...

##########
#.........
####.####.########
.......[†.#
####.####@########
#O<.......
#.########
#.##########
#...........
#......#####...#.
######.# .# #.#
...


You could see an ogre.

Vanquished Creatures
  A sky beast (D:3)
  An ogre (D:3)
  A scorpion (D:3)
  2 orc priests
  Terence (D:3)
  A worker ant (D:2)
  5 adders
  An ooze (D:3)
  4 worms
  5 dart slugs
  5 orcs
  2 ball pythons
  A giant cockroach (D:3)
  2 gnoll zombies (D:3)
  12 goblins
  9 hobgoblins
  3 jackals (D:3)
  4 kobolds
  A quokka (D:3)
  7 bats
  5 frilled lizards
  8 rats
81 creatures vanquished.

Vanquished Creatures (others)
  An orc priest (D:3)
  3 orcs (D:3)
4 creatures vanquished.

Grand Total: 85 creatures vanquished

Notes
Turn   | Place    | Note
-------+----------+-------------------------------------------
     0 | D:1      | Ikoden the Hill Orc Fighter began the quest for the Orb.
     0 | D:1      | Reached XP level 1. HP: 19/19 MP: 1/1
   162 | D:1      | Reached XP level 2. HP: 27/27 MP: 2/2
   534 | D:1      | Reached XP level 3. HP: 30/33 MP: 3/3
  1374 | D:2      | Found a faded altar of an unknown god.
  1456 | D:2      | Reached XP level 4. HP: 40/40 MP: 4/4
  1750 | D:2      | Found an ornate altar of the Wu Jian Council.
  2018 | D:3      | Became a worshipper of Beogh the Brigand
  2042 | D:3      | Noticed Terence
  2063 | D:3      | Killed Terence
  2063 | D:3      | Reached XP level 5. HP: 29/46 MP: 5/5
  2468 | D:3      | Noticed a sky beast
  2492 | D:3      | Killed a sky beast
  2492 | D:3      | Reached XP level 6. HP: 33/53 MP: 6/6
  3573 | D:3      | Found a basalt altar of Yredelemnul.
  3722 | D:4      | Reached * piety under Beogh
  3980 | D:3      | Reached skill level 5 in Long Blades
  3980 | D:3      | Reached skill level 5 in Armour
  3980 | D:3      | Reached skill level 1 in Dodging
  3980 | D:3      | Reached skill level 5 in Shields
  3980 | D:3      | Reached XP level 7. HP: 28/60 MP: 7/7
  4394 | D:4      | Reached skill level 5 in Fighting
  4418 | D:4      | Slain by an ogre

Skill      XL: |  1  2  3  4  5  6  7 |
---------------+----------------------+-----
Fighting       | 4 5 |  5.0
Long Blades    | 3 4 5 |  5.0
Armour         | 4 5 |  5.0
Shields        | 4 5 |  5.0
Dodging        | 1 |  1.0

Action                   |  1- 3 |  4- 6 |  7- 9 || total
-------------------------+-------+-------+-------++-------
Melee: Long sword        |   114 |   208 |     5 ||   327
Invok: Convert to Beogh  |       |     1 |       ||     1
  Use: Potion            |     1 |     9 |     1 ||    11
  Eat: Ration            |     1 |     2 |       ||     3
       Chunk             |       |     2 |       ||     2
Armor: Scale mail        |    55 |     5 |       ||    60
       Plate armour      |       |   115 |       ||   115
       Skin              |       |     1 |       ||     1
Dodge: Dodged            |    39 |    29 |     1 ||    69
Block: Shield            |    65 |   102 |       ||   167
       Rpst.: Long sword |    16 |     6 |       ||    22
